 Dungeon Crawl Stone Soup version 0.27-a0-1202-ge72e49191c (webtiles) character file.

Game seed: 14926508754368352385

138 siradein the Magician (level 5, 0/35 HPs)
             Began as a Djinni Hedge Wizard on June 4, 2021.
             Slain by a river rat (5 damage)
             ... in a sewer.
             The game lasted 00:06:52 (4187 turns).

siradein the Magician (Djinni Hedge Wizard)         Turns: 4187, Time: 00:06:53

Health: 0/35       AC:  2    Str:  9    XL:     5   Next: 45%
Gold:   64         EV: 12    Int: 17    God:
                   SH:  0    Dex: 12

rFire    + + .     SeeInvis .   a - +0 dagger
rCold    x . .     Faith    .   (no shield)
rNeg     . . .     Spirit   .   b - +0 robe
rPois    ∞         Reflect  .   c - +0 hat
rElec    .         Harm     .   (no cloak)
rCorr    .         Rampage  .   (no gloves)
Will     .....                  (boots unavailable)
Stlth    ++........             (no amulet)
HPRegen  0.11/turn              (no ring)
MPRegen  0.00/turn              (no ring)

@: flying
A: sickness immunity, fire resistance 2, cold vulnerability 1, float, innate
caster, hp casting, extra vitality 1
a: no special abilities


You were in a sewer.
You visited 1 branch of the dungeon, and saw 4 of its levels.
You also visited: Sewer.

You collected 64 gold pieces.

Inventory:

Hand Weapons
 a - a +0 dagger (weapon)
Armour
 b - a +0 robe (worn)
 c - a +0 hat (worn)
Jewellery
 h - a +6 ring of strength
 m - a ring of protection from fire
Scrolls
 e - 2 scrolls of identify {unknown}
 i - 2 scrolls of enchant armour {unknown}
 j - a scroll of magic mapping {unknown}
 k - 3 scrolls of teleportation {unknown}
 l - a scroll of immolation {unknown}
 o - a scroll of fear {unknown}
Potions
 d - a potion of curing {unknown}
 f - a potion of might {unknown}
 g - a potion of lignification {unknown}
 n - a potion of flight {unknown}


   Skills:
 - Level 2.1 Dodging
 - Level 1.5 Stealth
 + Level 4.4 Spellcasting


You couldn't memorise any spells.
You knew the following spells:

 Your Spells              Type           Power      Damage    Failure   Level
a - Magic Dart            Conj           76%        1d6       2%          1
b - Blink                 Tloc           N/A        N/A       3%          2
c - Call Imp              Summ           19%        N/A       3%          2
d - Slow                  Hex            19%        N/A       3%          2
e - Conjure Flame         Conj/Fire      19%        6-21      7%          3
f - Mephitic Cloud        Conj/Pois/Air  19%        N/A       7%          3
g - Freeze                Ice            76%        1d9       2%          1
h - Ensorcelled Hibernat  Hex/Ice        38%        N/A       3%          2
Your spell library was empty.

Dungeon Overview and Level Annotations

Branches:
Dungeon (4/15)              Sewer (1/1)
 Temple: D:4-7

Altars:


Innate Abilities, Weirdness & Mutations

You are immune to sickness and miasma.
You are immune to poison.
Your flesh is very heat resistant. (rF++)
You are vulnerable to cold. (rC-)
You float through the air rather than walking.
You learn spells naturally, not from books.
Your magical power is your life essence.
You have superior vitality. (+4 HP)


Message History

Your crimson imp hits the river rat but does no damage.
The river rat bites your crimson imp.
Your crimson imp hits the river rat but does no damage.
The river rat bites your crimson imp.
Your crimson imp completely misses the river rat.
The river rat closely misses your crimson imp.
Your crimson imp barely misses the river rat.
The river rat barely misses your crimson imp.
Your crimson imp blinks!
Casting: Call Imp (safe; 3% risk of failure)
Confirm with . or Enter, or press ? or * to list all spells.
A beastly little devil appears in a puff of flame.
* * * LOW HITPOINT WARNING * * *
Your crimson imp blinks!
You swap places.
Your crimson imp hits the river rat but does no damage.
The river rat closely misses your crimson imp.
Your crimson imp hits the river rat but does no damage.
The river rat misses your crimson imp.
Your crimson imp barely misses the river rat.
The river rat bites your crimson imp.
Your crimson imp barely misses the river rat.
The river rat bites your crimson imp.
Your crimson imp barely misses the river rat.
The river rat barely misses your crimson imp.
Your crimson imp barely misses the river rat.
The river rat barely misses your crimson imp.
Your crimson imp completely misses the river rat.
The river rat closely misses your crimson imp.
Your crimson imp hits the river rat.
The river rat bites your crimson imp but does no damage.
Your crimson imp closely misses the river rat.
The river rat closely misses your crimson imp.
Your crimson imp hits the river rat but does no damage.
Your crimson imp closely misses the rat.
The river rat barely misses your crimson imp.
Your crimson imp blinks!
Your crimson imp disappears in a puff of smoke!
The river rat bites you.
You die... ######################## ...∩.∩..†.5.§≈rr@≈≈≈≈≈≈≈ ########################

You could see a river rat (ally target), a rat and a friendly crimson imp (summoned).

Vanquished Creatures
  A howler monkey (D:4)
  An iguana (D:4)
  2 adders (D:3)
  An adder skeleton (D:4)
  2 dart slugs
  3 orcs (D:3)
  6 endoplasms
  2 giant cockroaches
  2 goblins
  5 hobgoblins
  3 jackals (D:2)
  5 kobolds
  A quokka (D:1)
  6 ball pythons
  7 bats
  4 frilled lizards
  5 rats
56 creatures vanquished.

Vanquished Creatures (others)
  4 plants (D:2)
4 creatures vanquished.

Grand Total: 60 creatures vanquished

Notes
Turn   | Place    | Note
-------+----------+-------------------------------------------
     0 | D:1      | siradein the Djinni Hedge Wizard began the quest for the
                  | Orb.
     0 | D:1      | Reached XP level 1. HP: 15/15 MP: 0/0
   574 | D:1      | Found a faded altar of an unknown god.
   665 | D:1      | Reached XP level 2. HP: 17/21 MP: 0/0
   931 | D:1      | Reached skill level 3 in Spellcasting
  1843 | D:2      | Reached XP level 3. HP: 22/25 MP: 0/0
  1843 | D:2      | Learned a level 1 spell: Freeze
  3045 | D:3      | Reached XP level 4. HP: 16/31 MP: 0/0
  3795 | D:4      | Reached skill level 4 in Spellcasting
  3795 | D:4      | Reached XP level 5. HP: 24/35 MP: 0/0
  3795 | D:4      | Learned a level 2 spell: Ensorcelled Hibernation
  4114 | D:4      | Found a glowing drain.
  4119 | D:4      | Noticed a necrophage
  4137 | Sewer    | Entered a sewer
  4187 | Sewer    | Slain by a river rat

Illustrated notes

Levels and vault maps discovered:
D:1:      erik_arrival_cave_to_civilisation [erik_arrival_cave_to_hall],
          layout_basic, chequers_ecumenical_altar_simple_redux,
          amcnicky_mini_pool_small
D:2:      layout_loops_ring, serial_bayou_lagoon_a
D:3:      layout_basic, uniq_sigmund
D:4:      layout_cave_pods, portal_sewer_entry_a
Sewer:    sewer_kobolds

Skill      XL: |  1  2  3  4 |
---------------+-------------+-----
Spellcasting   | 3 4 |  4.4
Dodging        | |  2.1
Stealth        | |  1.5

Action                   |  1- 3 |  4- 6 || total
-------------------------+-------+-------++-------
Melee: Dagger            |    14 |     8 ||    22
 Cast: Magic Dart        |    96 |    49 ||   145
       Call Imp          |       |     4 ||     4
 Stab: Sleeping          |       |     1 ||     1
Armor: Robe              |     3 |     1 ||     4
Dodge: Dodged            |     6 |    23 ||    29

Table legend: (Time is in decaauts)
 A = Elapsed time spent in this place.
 B = Non-inter-level travel time spent in this place.
 C = Inter-level travel time spent in this place.
 D = Time resting spent in this place.
 E = Time spent auto-exploring this place.
 F = Levels seen in this place.
 G = Mean time per level.
                   A        B        C        D        E       F      G
               +--------+--------+--------+--------+--------+-----+--------+
         Total |   4187 |   4112 |     75 |      0 |   3574 |   5 |  837.4 |
       Dungeon |   4137 |   4062 |     75 |      0 |   3574 |   4 | 1034.2 |
         Sewer |     49 |     49 |      0 |      0 |      0 |   1 |   49.0 |
               +--------+--------+--------+--------+--------+-----+--------+

Top non-repeatable levels by time:
     D:1: 1546 daAuts
     D:3: 1195 daAuts
     D:2: 1047 daAuts
     D:4: 348 daAuts
   Sewer: 49 daAuts
